 Dungeon Crawl Stone Soup version 0.28-a0-915-gcd63401287 (webtiles) character file.

Game seed: 9322353125392472891

48760 mcbry74 the Fencer (level 14, -5/133 HPs)
             Began as a Minotaur Fighter on Nov 25, 2021.
             Was a Priest of the Shining One.
             Slain by a 15-headed hydra (6 damage)
             ... on level 4 of the Lair of Beasts.
             The game lasted 01:04:51 (17511 turns).

mcbry74 the Fencer (Minotaur Fighter)              Turns: 17511, Time: 01:04:52

Health: -5/133     AC: 25    Str: 24    XL:     14   Next: 13%
Magic:  1/6        EV:  6    Int:  5    God:    the Shining One [***...]
Gold:   2060       SH: 13    Dex: 18    Spells: 13/13 levels left

rFire   + . .      SeeInvis .   K - +7 falchion of mcbry74's Execution {antimagic, Fragile +Blink rPois Dex+6}
rCold   + . .      Faith    .   I - +0 kite shield
rNeg    + . .      Spirit   .   b - +1 gold dragon scales
rPois   +          Reflect  .   (helmet restricted)
rElec   .          Harm     .   f - +0 cloak
rCorr   .          Rampage  .   (no gloves)
Will    +....                   (no boots)
Stlth   ..........              (no amulet)
HPRegen 0.32/turn               F - +4 ring of slaying
MPRegen 0.10/turn               s - +4 ring of protection

@: glowing, studying 2 skills
A: horns 2, retaliatory headbutt
a: Renounce Religion, Evoke Blink, Divine Shield, Cleansing Flame


You were on level 4 of the Lair of Beasts.
You worshipped the Shining One.
The Shining One was most pleased with you.
You visited 3 branches of the dungeon, and saw 17 of its levels.
You also visited: Bailey.

You collected 2406 gold pieces.
You spent 346 gold pieces at shops.

Inventory:

Hand Weapons
 i - a +4 scimitar of freezing
 z - a +1 dagger of speed
 C - a +1 falchion of holy wrath
 K - the +7 falchion of mcbry74's Execution (weapon) {antimagic, Fragile +Blink rPois Dex+6}
   (You bought it in a shop on level 9 of the Dungeon)

   It reduces the magical energy of the wielder, and disrupts the spells and
   magical abilities of those it strikes.
   Natural abilities and divine invocations are not affected.
   Dex:       It affects your dexterity (+6).
   rPois:     It protects you from poison.
   +Blink:    It lets you blink.
   Fragile:   It will be destroyed if unequipped.
Missiles
 d - a curare-tipped dart
 g - 19 javelins (quivered)
 l - 18 atropa-tipped darts
 u - 14 boomerangs
 x - 49 poisoned darts
Armour
 b - +1 gold dragon scales (worn)
 f - a +0 cloak (worn)
 n - the +0 chain mail of Usemumn {rN+ SInv}
   (You found it on level 3 of the Lair of Beasts)

   rN:        It protects you from negative energy.
   SInv:      It lets you see invisible.
 p - a +3 chain mail
 I - a +0 kite shield (worn)
Jewellery
 j - a ring of resist corrosion
 o - a +6 ring of dexterity
 s - a +4 ring of protection (right hand)
 F - a +4 ring of slaying (left hand)
 O - a ring of positive energy
Wands
 c - a wand of digging (12)
 w - a wand of paralysis (14)
 B - a wand of acid (12)
 T - a wand of polymorph (11)
Scrolls
 t - 3 scrolls of fog
 A - a scroll of identify
 E - 2 scrolls of amnesia
 G - 2 scrolls of fear
 J - a scroll of holy word
 N - a scroll of immolation {unknown}
 Q - 3 scrolls of teleportation
 R - a scroll of summoning {unknown}
 U - a scroll of torment {unknown}
Potions
 a - a potion of cancellation {unknown}
 e - 9 potions of curing
 h - a potion of might
 k - a potion of degeneration {unknown}
 m - 2 potions of ambrosia
 q - 4 potions of attraction
 r - a potion of mutation
 v - a potion of resistance
 L - a potion of brilliance
 P - 2 potions of invisibility
 S - 3 potions of lignification
Miscellaneous
 y - a phial of floods


   Skills:
 + Level 14.4 Fighting
 + Level 16.2 Long Blades
 + Level 7.6 Throwing
 + Level 12.0 Armour
 - Level 3.3 Dodging
 + Level 12.2 Shields
 + Level 7.7 Invocations
 - Level 2.7 Evocations


You had 13 spell levels left.
You didn't know any spells.
Your spell library contained the following spells:

 Spells                   Type           Power      Damage    Failure   Level
 Ensorcelled Hibernation  Hex/Ice        0%         N/A       100%        2
 Passwall                 Tmut/Erth      0%         N/A       100%        2
 Frozen Ramparts          Ice            0%         1d2       100%        3
 Swiftness                Air            0%         N/A       100%        3
 Tukima's Dance           Hex            0%         N/A       100%        3
 Animate Dead             Necr           0%         N/A       100%        4
 Ice Form                 Ice/Tmut       0%         N/A       100%        4
 Leda's Liquefaction      Hex/Erth       0%         N/A       100%        4
 Summon Ice Beast         Ice/Summ       0%         N/A       100%        4
 Borgnjor's Vile Clutch   Necr/Erth      0%         N/A       100%        5
 Lee's Rapid Deconstruct  Erth           0%         3d5*      100%        5
 Death Channel            Necr           0%         N/A       100%        6
 Statue Form              Tmut/Erth      0%         N/A       100%        6


Dungeon Overview and Level Annotations

Branches:
Dungeon (12/15)            Temple (1/1) D:6            Lair (4/6) D:9
  Swamp (0/4) Lair:3       Spider (0/4) Lair:3          Orc (0/2) D:12
 Bailey (visited)

Altars:
Ashenzari
Cheibriados
Dithmenos
Elyvilon
Fedhas
Gozag
Hepliaklqana
Kikubaaqudgha
Makhleb
Nemelex Xobeh
Okawaru
Qazlal
Ru
Sif Muna
Trog
Uskayaw
Vehumet
Wu Jian
Xom
Yredelemnul
Zin
The Shining One

Shops:
D:4 !   D:9 (   D:11 :


Innate Abilities, Weirdness & Mutations

You have a pair of horns on your head.
You reflexively headbutt those who attack you in melee.


Message History

The 13-headed hydra bites you!
* * * LOW HITPOINT WARNING * * *
You slice one of the 13-headed hydra's heads off!
The 12-headed hydra grows two more!
You hit the 14-headed hydra.
The 14-headed hydra is heavily wounded.
You lop one of the 14-headed hydra's heads off!
The 13-headed hydra grows two more!
You hit the 15-headed hydra. You headbutt the 15-headed hydra!
The 15-headed hydra is heavily wounded.
The 15-headed hydra bites you but does no damage. x2
The 15-headed hydra completely misses you.
The 15-headed hydra bites you but does no damage.
You block the 15-headed hydra's attack. The 15-headed hydra bites you.
* * * LOW HITPOINT WARNING * * *
The 15-headed hydra bites you.
* * * LOW HITPOINT WARNING * * *
You block the 15-headed hydra's attack. x2; The 15-headed hydra bites you.
* * * LOW HITPOINT WARNING * * *
You block the 15-headed hydra's attack. x2; The 15-headed hydra bites you.
* * * LOW HITPOINT WARNING * * *
The 15-headed hydra barely misses you.
The 15-headed hydra bites you but does no damage.
The golden flame engulfs you but does no damage.
You resist.
The golden flame engulfs the 15-headed hydra!!
The 15-headed hydra is severely wounded.
You hear a bellow! x2; You hear an angry hiss.
You hear a bellow!
You hear a croak.
You hear a bellow!
The 15-headed hydra bites you but does no damage.
You block the 15-headed hydra's attack. x2; The 15-headed hydra bites you.
* * * LOW HITPOINT WARNING * * *
You block the 15-headed hydra's attack.
The 15-headed hydra bites you but does no damage. x3
The 15-headed hydra bites you!
* * * LOW HITPOINT WARNING * * *
The 15-headed hydra bites you but does no damage. x2
The 15-headed hydra bites you! The Shining One protects you from harm!
The 15-headed hydra bites you.
You die...

P.#..####...P#####...#.#
.........)..............
.#P....................
##P....#.###.#.....P#
###....#+.#.#.#.....# .
# #...##......#.....#...
###...#........+...#....
##....##......##........
##....##...#.##.@D..#...
###....##...####...P# ..
###.......... .....# .
.#........... .....##
....................
........... .........
......................
.......................
P..........


You could see a 15-headed hydra.

Vanquished Creatures
  The ghost of kae the Severer, a journeyman HOFi of Qazlal (Lair:1)
  2 hydras
  2 boulder beetles
  Erolcha (D:12)
  A centaur warrior (D:12)
  2 two-headed ogres
  A sixfirhy (D:7)
  An ugly thing (D:12)
  A deep elf pyromancer (D:12)
  4 cyclopes
  A wolf spider (Lair:1)
  4 manticores
  A black mamba (Lair:2)
  3 gargoyles (D:12)
  8 cane toads
  Psyche (D:8)
  Maggie (D:8)
  An unseen horror (D:11)
  A rime drake (Lair:1)
  4 komodo dragons
  3 trolls
  A polar bear (Lair:3)
  3 jumping spiders (Lair:3)
  Prince Ribbit (D:8)
  2 hornets
  3 slime creatures (D:12)
  A redback (Lair:3)
  3 vampires
  2 wyverns
  A wraith (D:11)
  20 yaks
  Grum (Lair:1)
  A basilisk (Lair:2)
  Menkaure (D:6)
  An acid dragon (D:11)
  7 water moccasins
  The ghost of solarlight the Cudgeller, an amateur TrCK of Xom (D:3)
  An ice beast (D:8)
  16 orc warriors
  2 sky beasts
  2 black bears
  2 necrophages
  2 ogres (D:5)
  2 wolves (Lair:1)
  11 centaurs
  4 kobold brigands
  15 bullfrogs
  3 scorpions
  10 killer bees
  3 wights (D:9)
  A howler monkey (D:11)
  2 bullfrog zombies (D:6)
  4 quasits (D:3)
  7 centaur zombies
  2 hounds (D:5)
  A jelly (D:7)
  A gnoll shaman (D:9)
  5 orc priests
  A centaur skeleton (D:7)
  An iguana (D:6)
  12 orc wizards
  Terence (D:2)
  A hound skeleton (D:5)
  A howler monkey zombie (D:6)
  4 gnolls (D:9)
  A howler monkey skeleton (D:7)
  8 adders
  A white imp (D:5)
  3 ufetubi
  2 worms
  3 dart slugs
  87 orcs
  6 bats
  7 endoplasms
  A giant cockroach (D:4)
  9 goblins
  6 hobgoblins
  4 jackals (D:1)
  5 quokkas
  4 ball pythons
  7 frilled lizards
  16 kobolds
  2 rats (D:2)
382 creatures vanquished.

Vanquished Creatures (others)
  4 fungi (Lair:1)
  27 plants
31 creatures vanquished.

Grand Total: 413 creatures vanquished

Notes
Turn   | Place    | Note
-------+----------+-------------------------------------------
     0 | D:1      | mcbry74 the Minotaur Fighter began the quest for the Orb.
     0 | D:1      | Reached XP level 1. HP: 19/19 MP: 0/0
   131 | D:1      | Reached skill level 3 in Long Blades
   133 | D:1      | Found a faded altar of an unknown god.
   266 | D:1      | Reached XP level 2. HP: 26/26 MP: 1/1
   548 | D:1      | Reached skill level 4 in Long Blades
   884 | D:2      | Reached XP level 3. HP: 31/31 MP: 2/2
  1010 | D:2      | Found a sacrificial altar of Ru.
  1019 | D:2      | Noticed Terence
  1028 | D:2      | Killed Terence
  1029 | D:2      | Reached skill level 5 in Long Blades
  1289 | D:2      | Reached XP level 4. HP: 40/40 MP: 3/3
  1623 | D:3      | Noticed solarlight's ghost (amateur TrCK)
  1629 | D:3      | Found a transporter.
  1667 | D:3      | Found a transporter.
  1688 | D:3      | Reached XP level 5. HP: 38/47 MP: 4/4
  1690 | D:3      | Reached skill level 6 in Long Blades
  1695 | D:3      | Killed solarlight's ghost
  1696 | D:3      | Reached skill level 5 in Fighting
  1696 | D:3      | Reached XP level 6. HP: 32/56 MP: 5/5
  2285 | D:4      | Found Xurphoono's Distillery.
  2294 | D:4      | Bought a potion of curing for 33 gold pieces
  2294 | D:4      | Bought a potion of attraction for 33 gold pieces
  2294 | D:4      | Bought a potion of mutation for 88 gold pieces
  2823 | D:4      | Found a bloodstained altar of Trog.
  2970 | D:5      | Entered Level 5 of the Dungeon
  3004 | D:5      | Reached skill level 7 in Long Blades
  3108 | D:5      | Reached XP level 7. HP: 27/64 MP: 6/6
  3556 | D:5      | Reached skill level 8 in Long Blades
  3873 | D:6      | Reached XP level 8. HP: 59/74 MP: 7/7
  3958 | D:6      | Reached skill level 9 in Long Blades
  4012 | D:6      | Noticed Menkaure
  4018 | D:6      | Killed Menkaure
  4087 | D:6      | Found a staircase to the Ecumenical Temple.
  4112 | Temple   | Entered the Ecumenical Temple
  4360 | Temple   | Became a worshipper of the Shining One
  4481 | D:6      | Found a broken altar of Ashenzari.
  5064 | D:7      | Reached skill level 10 in Long Blades
  5359 | D:7      | Reached skill level 5 in Armour
  5359 | D:7      | Reached XP level 9. HP: 33/85 MP: 8/8
  5864 | D:7      | Found a runed translucent door.
  5868 | D:7      | Noticed a sixfirhy
  5878 | D:7      | Killed a sixfirhy
  5879 | D:7      | Reached skill level 10 in Fighting
  6087 | D:7      | Reached skill level 11 in Long Blades
  6117 | D:8      | Noticed Psyche
  6117 | D:8      | You fall into a shaft and drop 3 floors!
  6140 | D:11     | Noticed a cyclops
  6154 | D:11     | Killed a cyclops
  6171 | D:11     | Noticed a manticore
  6182 | D:11     | Killed a manticore
  6558 | D:11     | Reached XP level 10. HP: 95/96 MP: 9/9
  6587 | D:10     | Entered Level 10 of the Dungeon
  6588 | D:10     | Found an ancient bone altar of Kikubaaqudgha.
  6645 | D:10     | Identified a scroll of acquirement
  6645 | D:10     | Acquired 1007 gold pieces
  6738 | D:10     | Found a flagged portal.
  6749 | Bailey   | Entered a bailey
  7175 | Bailey   | Reached skill level 12 in Long Blades
  7673 | Bailey   | Reached * piety under the Shining One
  8369 | Bailey   | Identified the +10 bardiche "Kiozxam" {pain, rF+ Int+4}
  8633 | D:10     | Noticed a two-headed ogre
  8639 | D:10     | Killed a two-headed ogre
  8640 | D:10     | Reached skill level 1 in Throwing
  8640 | D:10     | Reached skill level 1 in Invocations
  8945 | D:10     | Reached skill level 5 in Shields
  8946 | D:10     | Found a sparkling altar of Nemelex Xobeh.
  9637 | D:8      | Noticed Prince Ribbit
  9648 | D:8      | Killed Prince Ribbit
  9859 | D:8      | Killed Psyche
  9985 | D:8      | Reached XP level 11. HP: 105/105 MP: 11/11
 10255 | D:8      | Noticed Maggie
 10269 | D:8      | Killed Maggie
 10270 | D:8      | Reached skill level 13 in Long Blades
 10693 | D:9      | Reached ** piety under the Shining One
 10881 | D:9      | Acquired a manual of Long Blades
 10965 | D:9      | Found a staircase to the Lair.
 11181 | D:9      | Found Nuplot's Antique Weapon Boutique.
 11189 | D:9      | Bought a bloodstained falchion for 192 gold pieces
 11189 | D:9      | Identified the +7 falchion of mcbry74's Execution
                  | {antimagic, Fragile +Blink rPois Dex+6} (You bought it in a
                  | shop on level 9 of the Dungeon)
 11691 | D:11     | Found Kuczom's Book Shop.
 11705 | D:11     | Reached skill level 10 in Armour
 11998 | D:12     | Noticed Erolcha
 12009 | D:12     | Killed Erolcha
 12073 | D:12     | Noticed a seven-headed hydra
 12082 | D:12     | Killed a 12-headed hydra
 12401 | D:12     | Noticed a boulder beetle
 12414 | D:12     | Killed a boulder beetle
 12420 | D:12     | Reached skill level 14 in Long Blades
 12700 | D:12     | Noticed a centaur warrior
 12709 | D:12     | Killed a centaur warrior
 12721 | D:12     | Reached XP level 12. HP: 54/115 MP: 14/14
 13018 | D:12     | Reached skill level 5 in Invocations
 13199 | D:12     | Noticed a two-headed ogre
 13206 | D:12     | Killed a two-headed ogre
 13207 | D:12     | Reached skill level 5 in Throwing
 13519 | D:12     | Reached skill level 10 in Shields
 13642 | D:12     | Found a staircase to the Orcish Mines.
 13923 | D:12     | Reached skill level 15 in Long Blades
 14222 | Lair:1   | Entered Level 1 of the Lair of Beasts
 14426 | Lair:1   | Identified the +1 robe "Eceuton" {Harm +Blink Str+2 Int-3}
 14538 | Lair:1   | Noticed a six-headed hydra
 14538 | Lair:1   | Noticed Grum
 14565 | Lair:1   | Killed an 11-headed hydra
 14599 | Lair:1   | Killed Grum
 14772 | Lair:1   | Found a large runed translucent door.
 14773 | Lair:1   | Found a large runed translucent door.
 14786 | Lair:1   | Reached *** piety under the Shining One
 14805 | Lair:1   | Noticed kae's ghost (journeyman HOFi)
 14829 | Lair:1   | Killed kae's ghost
 15398 | Lair:1   | Reached XP level 13. HP: 124/124 MP: 15/17
 15782 | Lair:2   | Reached XP level 14. HP: 122/132 MP: 6/18
 16005 | Lair:2   | Reached skill level 16 in Long Blades
 16788 | Lair:3   | Found a hole to the Spider Nest.
 16890 | Lair:3   | Found a staircase to the Swamp.
 17138 | Lair:3   | Identified the +0 chain mail of Usemumn {rN+ SInv}
 17511 | Lair:4   | HP: 1/133 [15-headed hydra (11)]
 17511 | Lair:4   | The Shining One protects you from harm!
 17511 | Lair:4   | Slain by a 15-headed hydra

Illustrated notes

Levels and vault maps discovered:
D:1:      psy_arrival_wood_between_worlds, layout_basic,
          hellmonk_ecumenical_altar_slurped_away
D:2:      layout_basic, basic_altar, minmay_surrounded, uniq_terence
D:3:      layout_rooms, gammafunk_ghost_stat_death
D:4:      layout_loops_ring, bloody_trog, serial_shops, shop, minmay_quantized
D:5:      layout_loops_cross
D:6:      layout_rooms, nicolae_ashenzari_panopticon, temple_pool_b,
          uniq_menkaure
D:7:      cheibrodos_shockbox, layout_basic, chequers_serial_rivers_small_3
D:8:      layout_loops_cross, uniq_maggie, uniq_prince_ribbit1, uniq_psyche
D:9:      layout_stronghold, lair_entry_dummy, serial_shops,
          nicolae_shop_overgrown_old_shop
D:10:     layout_basic, amcnicky_altar_gilded, nemelex_diamond_rough_becter,
          enter_bailey_3
D:11:     layout_small_grid, serial_shops, nicolae_square_shop
D:12:     kennysheep_bubbly, layout_stronghold, hiddenorc2_lemuel, st_stairs_12,
          uniq_erolcha
Temple:   eino_narrow_crystal_temple
Lair:1:   minmay_lair_venomous_thicket, layout_regular_city,
          ebering_ghost_disaster_area, infiniplex_staircase_pool, uniq_grum
Lair:2:   layout_misc_corridors
Lair:3:   layout_long_grid, swamp_mist_pool, spider_nest_entry_a,
          lemuel_fruit_tree
Lair:4:   layout_regular_city

Skill      XL: |  1  2  3  4  5  6  7  8  9 10 11 12 13 14 |
---------------+-------------------------------------------+-----
Long Blades    | 3 4 5 6 7 8 10 11 12 14 15 16 | 16.2
Fighting       | 4 5 6 8 9 11 12 13 14 | 14.4
Armour         | 5 7 9 10 11 12 | 12.0
Throwing       | 2 4 7 |  7.6
Shields        | 5 9 11 12 | 12.2
Invocations    | 2 4 7 |  7.7
Dodging        | 3 |  3.3
Evocations     | 2 |  2.7

Action                   |  1- 3 |  4- 6 |  7- 9 | 10-12 | 13-15 || total
-------------------------+-------+-------+-------+-------+-------++-------
Melee: Long sword        |    44 |       |       |       |       ||    44
       Headbutt          |     3 |    12 |    30 |   100 |    62 ||   207
       Scimitar          |     9 |    77 |   139 |   459 |     2 ||   686
       Falchion          |       |       |       |       |   147 ||   147
Throw: Dart              |     1 |       |     3 |     1 |       ||     5
       Javelin           |       |       |       |    11 |       ||    11
Invok: Divine Shield     |       |       |       |     3 |       ||     3
       Cleansing Flame   |       |       |       |       |     1 ||     1
Evoke: Wand              |       |       |     4 |     1 |       ||     5
  Use: Potion            |       |     1 |     4 |     4 |       ||     9
       Scroll            |       |     4 |     5 |     8 |     4 ||    21
Armor: Scale mail        |    20 |       |       |       |       ||    20
       Chain mail        |       |    64 |    30 |   203 |     7 ||   304
       Plate armour      |       |       |    47 |    65 |       ||   112
       Gold dragon scale |       |       |       |       |    72 ||    72
Dodge: Dodged            |    16 |    35 |    42 |   147 |    25 ||   265
Block: Buckler           |     5 |    23 |    35 |   102 |       ||   165
       Kite shield       |       |       |       |    93 |    88 ||   181

Table legend: (Time is in decaauts)
 A = Elapsed time spent in this place.
 B = Non-inter-level travel time spent in this place.
 C = Inter-level travel time spent in this place.
 D = Time resting spent in this place.
 E = Time spent auto-exploring this place.
 F = Levels seen in this place.
 G = Mean time per level.
                   A        B        C        D        E       F      G
               +--------+--------+--------+--------+--------+-----+--------+
         Total |  17396 |  16835 |    561 |   2898 |  10953 |  18 |  966.4 |
       Dungeon |  12126 |  11696 |    430 |   1680 |   7958 |  12 | 1010.5 |
        Temple |    263 |    249 |     14 |      0 |    184 |   1 |  263.0 |
          Lair |   3227 |   3111 |    116 |    346 |   2267 |   4 |  806.8 |
        Bailey |   1778 |   1778 |      0 |    872 |    544 |   1 | 1778.0 |
               +--------+--------+--------+--------+--------+-----+--------+

Top non-repeatable levels by time:
    D:12: 2104 daAuts
  Bailey: 1778 daAuts
     D:7: 1289 daAuts
    D:10: 1196 daAuts
  Lair:1: 1166 daAuts
    D:11: 1088 daAuts
  Lair:2: 1040 daAuts
     D:8: 962 daAuts
  Lair:3: 951 daAuts
     D:9: 897 daAuts
     D:1: 869 daAuts
     D:5: 851 daAuts
     D:4: 815 daAuts
     D:2: 750 daAuts
     D:6: 749 daAuts
